 Dungeon Crawl Stone Soup version 0.28-a0-881-gae16bb6c82 (webtiles) character file.

Game seed: 15680258881818185194

734 Astera the Covered (level 7, -1/55 HPs)
             Began as a Demonspawn Fighter on Nov 21, 2021.
             Was an Elder of Jiyva.
             Slain by a komodo dragon (24 damage)
             ... on level 5 of the Dungeon.
             The game lasted 00:14:23 (3378 turns).

Astera the Covered (Demonspawn Fighter)             Turns: 3378, Time: 00:14:32

Health: -1/55      AC:  7    Str: 19    XL:     7   Next: 45%
Magic:  7/7        EV: 10    Int: 10    God:    Jiyva [****..]
Gold:   223        SH:  4    Dex: 13    Spells: 6/6 levels left

rFire   . . .      SeeInvis .   a - +0 long sword
rCold   . . .      Faith    .   c - +0 buckler
rNeg    . . .      Spirit   .   b - +0 scale mail
rPois   +          Reflect  .   (no helmet)
rElec   .          Harm     .   (no cloak)
rCorr   +          Rampage  .   (no gloves)
Will    .....                   (no boots)
Stlth   ..........              (no amulet)
HPRegen 1.78/turn               (no ring)
MPRegen 0.50/turn               (no ring)

@: unable to read
A: claws 2, spiny 1, poison resistance, strong 1, inability to read while
threatened, engulf
a: Renounce Religion, Request Jelly, Slimify


You were on level 5 of the Dungeon.
You worshipped Jiyva.
Jiyva was greatly pleased with you.
You visited 1 branch of the dungeon, and saw 6 of its levels.

You collected 223 gold pieces.

Inventory:

Hand Weapons
 a - a +0 long sword (weapon)
Missiles
 g - a throwing net (quivered)
 p - 4 boomerangs
Armour
 b - a +0 scale mail (worn)
 c - a +0 buckler (worn)
Jewellery
 w - a ring of fire
Wands
 y - a wand of digging (7)
Scrolls
 e - 3 scrolls of teleportation {unknown}
 f - 2 scrolls of magic mapping {unknown}
 h - 4 scrolls of enchant weapon {unknown}
 l - a scroll of fear {unknown}
 n - a scroll of vulnerability {unknown}
 o - 4 scrolls of blinking {unknown}
 q - a scroll of silence {unknown}
 s - a scroll of fog {unknown}
 t - 2 scrolls of noise {unknown}
 u - 2 scrolls of identify {unknown}
Potions
 d - 3 potions of might
 i - a potion of brilliance {unknown}
 j - a potion of curing {unknown}
 k - 7 potions of lignification {unknown}
 m - a potion of degeneration {unknown}
 r - a potion of haste {unknown}
 v - a potion of heal wounds {unknown}
 x - a potion of cancellation {unknown}
 z - a potion of resistance {unknown}


   Skills:
 + Level 4.8 Fighting
 + Level 4.4 Long Blades
 + Level 4.9 Armour
 + Level 1.9 Dodging
 + Level 1.0 Stealth
 + Level 3.2 Shields


You had 6 spell levels left.
You didn't know any spells.
Your spell library contained the following spells:

 Spells                   Type           Power      Damage    Failure   Level
 Summon Small Mammal      Summ           0%         N/A       75%         1
 Call Canine Familiar     Summ           0%         N/A       98%         3
 Summon Guardian Golem    Hex/Summ       0%         N/A       98%         3


Dungeon Overview and Level Annotations

Branches:
Dungeon (6/15)             Temple (0/1) D:6

Altars:
Kikubaaqudgha
Jiyva


Innate Abilities, Weirdness & Mutations

You have very sharp fingernails.
You are partially covered in sharp spines.
Your system is resistant to poisons. (rPois)
Your muscles are strong. (Str +2)
You sometimes lose the ability to read scrolls when taking damage.
Your melee attacks may engulf your foes in ooze.


Message History

The hornet zombie hits you!
There is a stone staircase leading up here.
The komodo dragon bites you!!
Ouch! That really hurt!
You climb upwards.
There is a stone staircase leading down here.
You block the komodo dragon's attack. The komodo dragon bites you.
The komodo dragon bites you!
You swap places.
You block the komodo dragon's attack.
The komodo dragon hisses menacingly.
You block the komodo dragon's attack.
Really walk into that dispersal trap?
You enter a dispersal trap!
The komodo dragon blinks!
The jelly blinks!
You blink.
You block the komodo dragon's attack.
Really walk into that dispersal trap?
You enter a dispersal trap!
The komodo dragon blinks! x2
The jelly blinks! x2
You blink.
You swap places.
The jelly barely misses the komodo dragon.
You hit the komodo dragon.
The komodo dragon is lightly wounded.
The komodo dragon bites you!
You hit the komodo dragon.
The komodo dragon is lightly wounded.
The komodo dragon closely misses you.
You hit the komodo dragon but do no damage.
The komodo dragon is lightly wounded.
The komodo dragon bites you but does no damage.
You slash the komodo dragon!
The komodo dragon is moderately wounded.
The komodo dragon is struck by your spines.
The komodo dragon bites you!!
Ouch! That really hurt!
The komodo dragon bites you!!
You feel threatened and lose the ability to read scrolls!
You die...

#...##.....##......####..##.#
##...#.....##.###...###.##..#
###...........#.....##.....#
#..........................
##...J....^...#...........#
##.....#......#.......<...#
#..........##.......#......
###.............###.#.....#
#J.....l@...### #.#......
##....##.....## #........
###.............######......
##.....#............#......#.
##.....###...............#####
#..............##.......## ###
##......#................###..
##.#..##...............##.#..
#######.....................


You could see a komodo dragon and 2 neutral jellies (fellow slime).

Vanquished Creatures
  A sky beast (D:6)
  The ghost of hemabe71 the Charlatan, an amateur HuAr of Trog (D:4)
  2 phantoms
  A water moccasin skeleton (D:4)
  A centaur zombie (D:6)
  A hound (D:4)
  Natasha (D:2)
  3 iguanas
  An orc wizard (D:3)
  10 adders
  2 adder skeletons (D:4)
  An adder zombie (D:5)
  2 worms (D:2)
  3 dart slugs
  10 orcs
  5 ball pythons
  2 giant cockroaches
  5 goblins
  7 hobgoblins
  A quokka (D:3)
  6 bats
  6 frilled lizards
  4 kobolds
  2 rats
78 creatures vanquished.

Vanquished Creatures (others)
  2 jellies (D:6)
  A centaur skeleton (D:4)
  An orc priest (D:6)
  Natasha (twice) (D:2)
  A killer bee zombie (D:6)
  A gnoll (D:1)
  3 adders
  A dart slug (D:2)
  An orc (D:3)
  2 hobgoblins
  2 goblins
  3 rats
  A fungus (D:1)
  20 plants
  2 withered plants (D:4)
43 creatures vanquished.

Grand Total: 121 creatures vanquished

Notes
Turn   | Place    | Note
-------+----------+-------------------------------------------
     0 | D:1      | Astera the Demonspawn Fighter began the quest for the Orb.
     0 | D:1      | Reached XP level 1. HP: 18/18 MP: 1/1
   114 | D:1      | Found a faded altar of an unknown god.
   118 | D:1      | Prayed at the altar of an unknown god.
   118 | D:1      | Became a worshipper of Jiyva Jolej the Shapeless
   118 | D:1      | Reached * piety under Jiyva
   380 | D:1      | Gained mutation: You have sharp fingernails. [demonic
                  | ancestry]
   380 | D:1      | Reached XP level 2. HP: 24/24 MP: 2/2
   755 | D:2      | Reached XP level 3. HP: 29/29 MP: 3/3
   797 | D:2      | Noticed Natasha
   799 | D:2      | Reached ** piety under Jiyva
   809 | D:2      | Killed Natasha
   810 | D:2      | Reached skill level 1 in Dodging
   815 | D:2      | Reached XP level 4. HP: 15/35 MP: 4/4
   817 | D:2      | Killed Natasha
   933 | D:2      | Killed Natasha
  1662 | D:3      | Reached *** piety under Jiyva
  1668 | D:3      | Reached XP level 5. HP: 41/41 MP: 5/5
  1700 | D:3      | Gained mutation: You sometimes lose the ability to read
                  | scrolls when taking damage. [Jiyva's grace]
  1700 | D:3      | Gained mutation: Your melee attacks may engulf your foes in
                  | ooze. [Jiyva's grace]
  1700 | D:3      | Gained mutation: Your system is resistant to poisons.
                  | (rPois) [Jiyva's grace]
  1700 | D:3      | Gained mutation: Your muscles are strong. (Str +2) [Jiyva's
                  | grace]
  2181 | D:4      | Gained mutation: You are partially covered in sharp spines.
                  | [demonic ancestry]
  2181 | D:4      | Reached XP level 6. HP: 31/47 MP: 6/6
  2217 | D:4      | Found a runed translucent door.
  2217 | D:4      | Noticed hemabe71's ghost (amateur HuAr)
  2235 | D:4      | Killed hemabe71's ghost
  2311 | D:4      | Found an ancient bone altar of Kikubaaqudgha.
  2661 | D:5      | Entered Level 5 of the Dungeon
  2828 | D:5      | Gained mutation: You have very sharp fingernails. [demonic
                  | ancestry]
  2828 | D:5      | Reached XP level 7. HP: 43/55 MP: 7/7
  3242 | D:6      | Found a staircase to the Ecumenical Temple.
  3253 | D:6      | Reached skill level 1 in Stealth
  3273 | D:6      | Reached **** piety under Jiyva
  3277 | D:6      | Noticed a komodo dragon
  3378 | D:5      | Slain by a komodo dragon

Illustrated notes

Levels and vault maps discovered:
D:1:      sevenhm_arrival_forest_fort_small_4, layout_basic,
          shapermc_ecumenical_altar_acropolis
D:2:      cheibrodos_old_hovel, layout_loops_ring, uniq_natasha
D:3:      minmay_inner_zag, layout_basic
D:4:      nicolae_cairo_tiling_very_big, layout_basic,
          mainiacjoe_overflow_alcove_4, gammafunk_ghost_grave,
          kennysheep_generic_room_14
D:5:      layout_cave_pools
D:6:      layout_cave_pools, minmay_temple_entry_wispy

Skill      XL: |  1  2  3  4  5  6  7 |
---------------+----------------------+-----
Armour         | 3 4 |  4.9
Long Blades    | 2 3 4 |  4.4
Shields        | 3 |  3.2
Dodging        | 1 |  1.9
Fighting       | 4 |  4.8
Stealth        | 1 |  1.0

Action                   |  1- 3 |  4- 6 |  7- 9 || total
-------------------------+-------+-------+-------++-------
Melee: Long sword        |    77 |   209 |    45 ||   331
Armor: Scale mail        |    45 |   113 |    21 ||   179
Dodge: Dodged            |    43 |   112 |    22 ||   177
Block: Buckler           |    19 |    44 |    11 ||    74

Table legend: (Time is in decaauts)
 A = Elapsed time spent in this place.
 B = Non-inter-level travel time spent in this place.
 C = Inter-level travel time spent in this place.
 D = Time resting spent in this place.
 E = Time spent auto-exploring this place.
 F = Levels seen in this place.
 G = Mean time per level.
                   A        B        C        D        E       F      G
               +--------+--------+--------+--------+--------+-----+--------+
         Total |   3475 |   3435 |     40 |      0 |   1436 |   6 |  579.2 |
       Dungeon |   3475 |   3435 |     40 |      0 |   1436 |   6 |  579.2 |
               +--------+--------+--------+--------+--------+-----+--------+

Top non-repeatable levels by time:
     D:3: 771 daAuts
     D:1: 730 daAuts
     D:4: 637 daAuts
     D:2: 605 daAuts
     D:5: 505 daAuts
     D:6: 224 daAuts
